 Dungeon Crawl Stone Soup version 0.31-a0-219-g8d62b2e7bb (webtiles) character file.

Game seed: 6858993665721150837

7 Maxmaps the Caller (level 1, 0/15 HPs)
             Began as a Demonspawn Summoner on July 3, 2023.
             Slain by a jackal (2 damage)
             ... on level 1 of the Dungeon.
             The game lasted 00:00:26 (142 turns).

Maxmaps the Caller (Demonspawn Summoner)             Turns: 142, Time: 00:00:26

Health: 0/15       AC:  2    Str:  8    XL:     1   Next: 83%
Magic:  2/3        EV: 12    Int: 16    God:
Gold:   33         SH:  0    Dex: 13    Spells: 3/4 levels left

rFire   . . .        (no weapon)
rCold   . . .        (no shield)
rNeg    . . .        a - +0 robe
rPois   .            (no helmet)
rElec   .            (no cloak)
rCorr   .            (no gloves)
SInv    .            (no boots)
Will    .....        (no amulet)
Stlth   ++           (no ring)
HPRegen 0.22/turn    (no ring)
MPRegen 0.08/turn

%: no passive effects
@: no status effects
A: no striking features
a: no special abilities


You were on level 1 of the Dungeon.
You visited 1 branch of the dungeon, and saw 1 of its levels.

You collected 33 gold pieces.

Inventory:

Armour
 a - a +0 robe (worn)
Scrolls
 c - a scroll of identify {unknown}
Potions
 b - a potion of magic


   Skills:
 + Level 1.5 Fighting
 - Level 1.7 Dodging
 - Level 1.7 Stealth
 - Level 2.0 Spellcasting
 - Level 4.0 Summonings


You had 3 spell levels left.
You knew the following spells:

 Your Spells              Type           Power      Damage    Failure   Level
a - Summon Small Mammal   Summ           56%        N/A       4%          1

Your spell library contained the following spells:

 Spells                   Type           Power      Damage    Failure   Level
 Call Imp                 Summ           28%        N/A       6%          2
 Call Canine Familiar     Summ           14%        N/A       12%         3
 Summon Guardian Golem    Hex/Summ       8%         N/A       26%         3
 Summon Lightning Spire   Summ/Air       8%         N/A       65%         4


Dungeon Overview and Level Annotations

Branches:
Dungeon (1/15)

Altars:


Message History

Your rat bites the endoplasm.
The endoplasm freezes you.
You are frozen.
* * * LOW HITPOINT WARNING * * *
You hit the jackal.
The jackal is severely wounded.
The jackal completely misses you. The jackal closely misses your quokka.
Your quokka completely misses the jackal.
Your rat bites the endoplasm.
The endoplasm freezes you.
You are frozen.
* * * LOW HITPOINT WARNING * * *
You barely miss the jackal.
The jackal is severely wounded.
The jackal misses you. The jackal misses your quokka.
Your quokka closely misses the jackal.
The jackal closely misses you. The jackal barely misses your quokka.
Your rat bites the endoplasm.
The endoplasm dies!
Unknown command.
You closely miss the jackal.
The jackal is severely wounded.
The jackal bites your quokka.
Your quokka bites the jackal.
The jackal barely misses your quokka.
Your rat barely misses the jackal.
You catch the helpless jackal completely off-guard!
You hit the jackal.
The jackal is almost dead.
The jackal closely misses you. The jackal misses your quokka.
Your quokka barely misses the jackal.
Your rat closely misses the jackal.
The jackal misses you.
You barely miss the jackal.
The jackal is almost dead.
Your quokka bites the jackal.
The jackal dies!
The jackal barely misses you.
Your rat misses the jackal.
Your quokka bites the rat.
The rat dies!
You hit the jackal.
The jackal is moderately wounded.
The jackal bites you.
You die...

... ..#
#.#.# #
#.#.#.#
#.#.#.#
#.#.#.#
#.r.h.#####
#..@r......
##..#######
#..# #..##
###.#.##
..###.#
#.###
###.#.##
#.... #..##
##### #.##


You could see a jackal (ally target), a friendly quokka (summoned) and a
friendly rat (summoned).

Vanquished Creatures
  A rat (D:1)
1 creature vanquished.

Vanquished Creatures (collateral kills)
  An endoplasm (D:1)
  A goblin (D:1)
  A hobgoblin (D:1)
  A jackal (D:1)
  A rat (D:1)
5 creatures vanquished.

Grand Total: 6 creatures vanquished

Notes
Turn   | Place    | Note
-------+----------+-------------------------------------------
     0 | D:1      | Maxmaps the Demonspawn Summoner began the quest for the
                  | Orb.
     0 | D:1      | Reached XP level 1. HP: 13/13 MP: 3/3
   108 | D:1      | Reached skill level 1 in Fighting
   142 | D:1      | Slain by a jackal

Illustrated notes

Levels and vault maps discovered:
D:1:      dpeg_arrival_tiny_f, layout_loops_ring, dk_noncrumbling_3

Skill      XL: |  1 |
---------------+----+-----
Fighting       | 1 |  1.5
Dodging        | |  1.7
Stealth        | |  1.7
Spellcasting   | |  2.0
Summonings     | |  4.0

Action                     || total
---------------------------++-------
  Melee: Unarmed           ||    27
   Cast: Summon Small Mamm ||     5
   Stab: Distracted        ||     1
 Armour: Robe              ||     6
  Dodge: Dodged            ||    17

Table legend: (Time is in decaauts)
 A = Elapsed time spent in this place.
 B = Non-inter-level travel time spent in this place.
 C = Inter-level travel time spent in this place.
 D = Time resting spent in this place.
 E = Time spent auto-exploring this place.
 F = Levels seen in this place.
 G = Mean time per level.
                   A        B        C        D        E       F      G
               +--------+--------+--------+--------+--------+-----+--------+
         Total |    142 |    142 |      0 |      0 |     83 |   1 |  142.0 |
       Dungeon |    142 |    142 |      0 |      0 |     83 |   1 |  142.0 |
               +--------+--------+--------+--------+--------+-----+--------+

Top non-repeatable levels by time:
     D:1: 142 daAuts
